BSA
NEW ORLEANS LOOTERS @ BIRMINGHAM STEELDOGS
06/28/2026
 
TOP OF THE 1ST
New Orleans Looters batting - Pitching for Birmingham Steeldogs : RHP Manuel Romero
Pitching: RHP Manuel Romero
Batting: RHB José Mora 0-0: Ball
1-0: Ball
2-0: Ball
3-0: Called Strike
3-1: Foul Ball, location: 2F
3-2: Base on Balls
Batting: RHB Stephen Shaw 0-0: DOUBLE (Line Drive, 7LS)
José Mora to third
Batting: LHB Taylor Smith 0-0: Called Strike
0-1: Ball
1-1: Ball
2-1: Foul Ball, location: 2F
2-2: Ball
3-2: Foul Ball, location: 2F
3-2: Fly out, F7 (Flyball, 7LS)
Batting: LHB Luis Sánchez 0-0: Ball
1-0: Fly out, F2 (Popup, 2R)
Batting: LHB José Esparza 0-0: Ball
1-0: Ball
2-0: Swinging Strike
2-1: Called Strike
2-2: Ball
3-2: Base on Balls
Batting: SHB Nate Rhodes 0-0: Foul Ball, location: 2F
0-1: Ball
1-1: Foul Ball, location: 2F
1-2: Ground out U3 (Groundball, 3L)
Top of the 1st over - 0 run(s), 1 hit(s), 0 error(s), 3 left on base; New Orleans 0 - Birmingham 0
BOTTOM OF THE 1ST
Birmingham Steeldogs batting - Pitching for New Orleans Looters : RHP Edward Baker
Pitching: RHP Edward Baker
Batting: RHB Nick Webb 0-0: DOUBLE (Flyball, 8RXD)
Batting: LHB José Sánchez 0-0: Called Strike
0-1: Ball
1-1: SINGLE (Line Drive, 4MD)
Nick Webb to third
Runner from 3rd tries for Home, SAFE, no throw or cutoff
Batting: LHB Chris Miller 0-0: Ball
1-0: Foul Ball, location: 2F
1-1: Ball
2-1: Foul Ball, location: 2F
2-2: Ball
3-2: Fielders Choice at 2nd, 3-6 (Groundball, 3)
Batting: LHB Arturo Molina 0-0: Ball
1-0: Ball
2-0: Fly out, F7 (Flyball, 7M)
Batting: RHB Eric Johnson 0-0: Ball
1-0: Called Strike
1-1: Swinging Strike
1-2: Strikes out swinging
Bottom of the 1st over - 1 run(s), 2 hit(s), 0 error(s), 1 left on base; New Orleans 0 - Birmingham 1
TOP OF THE 2ND
New Orleans Looters batting - Pitching for Birmingham Steeldogs : RHP Manuel Romero
Batting: LHB Justino Salas 0-0: Ball
1-0: Ground out 6-3 (Groundball, 6)
Batting: RHB Dave O'Loan 0-0: Fly out, F3 (Popup, 3F)
Batting: RHB Ángel Castaneda 0-0: Called Strike
0-1: Ball
1-1: Foul Ball, location: 2F
1-2: Strikes out swinging
Top of the 2nd over - 0 run(s), 0 hit(s), 0 error(s), 0 left on base; New Orleans 0 - Birmingham 1
BOTTOM OF THE 2ND
Birmingham Steeldogs batting - Pitching for New Orleans Looters : RHP Edward Baker
Batting: LHB Mitchell Oglethorpe 0-0: Swinging Strike
0-1: Ball
1-1: Ball
2-1: Ground out 5-3 (Groundball, 56)
Batting: RHB Raúl Soto 0-0: Called Strike
0-1: SINGLE (Groundball, 5S)
Batting: RHB Lorenzo Martínez 0-0: Foul Ball, location: 2F
0-1: Ball
1-1: Ball
2-1: Called Strike
2-2: Ball
3-2: Fly out, F8 (Flyball, 8LXD)
Batting: LHB José Martínez 0-0: Called Strike
0-1: Ball
Wild Pitch!
Raúl Soto to second
1-1: Ground out 4-3 (Groundball, 34)
Bottom of the 2nd over - 0 run(s), 1 hit(s), 0 error(s), 1 left on base; New Orleans 0 - Birmingham 1
TOP OF THE 3RD
New Orleans Looters batting - Pitching for Birmingham Steeldogs : RHP Manuel Romero
Batting: RHB José Mora 0-0: Ball
1-0: Foul Ball, location: 2F
1-1: Ball
2-1: Ball
3-1: Ground out U3 (Groundball, 3S)
Batting: RHB Stephen Shaw 0-0: Ball
1-0: Foul Ball, location: 2F
1-1: Ground out 3-1 (Groundball, 34)
Batting: LHB Taylor Smith 0-0: Ball
1-0: Ball
2-0: Ball
3-0: Base on Balls
Batting: LHB Luis Sánchez 0-0: Ball
1-0: Called Strike
1-1: Called Strike
1-2: Ball
2-2: Ball
3-2: Strikes out swinging
Top of the 3rd over - 0 run(s), 0 hit(s), 0 error(s), 1 left on base; New Orleans 0 - Birmingham 1
BOTTOM OF THE 3RD
Birmingham Steeldogs batting - Pitching for New Orleans Looters : RHP Edward Baker
Batting: RHB Nick Webb 0-0: Called Strike
0-1: SINGLE (Line Drive, 3)
Batting: LHB José Sánchez 0-0: Ball
1-0: SINGLE (Line Drive, 4D)
Nick Webb to second
Batting: LHB Chris Miller 0-0: Ball
1-0: Ball
2-0: Called Strike
2-1: Fly out, F8 (Popup, 8LS)
Batting: LHB Arturo Molina 0-0: Ball
Wild Pitch!
Nick Webb to third
José Sánchez to second
1-0: Fly out, F7 (Flyball, 7M)
Runner from 3rd tags up, SCORES, no throw
Batting: RHB Eric Johnson 0-0: Ball
1-0: Called Strike
1-1: Ball
2-1: Ball
3-1: Foul Ball, location: 2F
3-2: Ground out 5-3 (Groundball, 5S)
Bottom of the 3rd over - 1 run(s), 2 hit(s), 0 error(s), 1 left on base; New Orleans 0 - Birmingham 2
TOP OF THE 4TH
New Orleans Looters batting - Pitching for Birmingham Steeldogs : RHP Manuel Romero
Batting: LHB José Esparza 0-0: Ball
1-0: Foul Ball, location: 2F
1-1: Foul Ball, location: 2F
1-2: Ball
2-2: Ball
3-2: Ground out 4-3 (Groundball, 4)
Batting: SHB Nate Rhodes 0-0: Ball
1-0: Foul Ball, location: 2F
1-1: Ground out 4-3 (Groundball, 4M)
Batting: LHB Justino Salas 0-0: Ball
1-0: Swinging Strike
1-1: Foul Ball, location: 2F
1-2: Foul Ball, location: 2F
1-2: Fly out, F8 (Flyball, 8LS)
Top of the 4th over - 0 run(s), 0 hit(s), 0 error(s), 0 left on base; New Orleans 0 - Birmingham 2
BOTTOM OF THE 4TH
Birmingham Steeldogs batting - Pitching for New Orleans Looters : RHP Edward Baker
Batting: LHB Mitchell Oglethorpe 0-0: Ball
1-0: Foul Ball, location: 2F
1-1: Ball
2-1: Ball
3-1: Fly out, F7 (Flyball, 78D)
Batting: RHB Raúl Soto 0-0: Called Strike
0-1: Ground out 6-3 (Groundball, 6M)
Batting: RHB Lorenzo Martínez 0-0: Ball
1-0: Called Strike
1-1: Foul Ball, location: 2F
1-2: Ball
2-2: Strikes out swinging
Bottom of the 4th over - 0 run(s), 0 hit(s), 0 error(s), 0 left on base; New Orleans 0 - Birmingham 2
TOP OF THE 5TH
New Orleans Looters batting - Pitching for Birmingham Steeldogs : RHP Manuel Romero
Batting: RHB Dave O'Loan 0-0: Called Strike
0-1: Ball
1-1: Called Strike
1-2: Ball
2-2: Strikes out swinging
Batting: RHB Ángel Castaneda 0-0: Ball
1-0: Called Strike
1-1: Foul Ball, location: 2F
1-2: Ball
2-2: Foul Ball, location: 2F
2-2: Ball
3-2: SOLO HOME RUN (Flyball, 7D), Distance : 380 ft
Batting: RHB José Mora 0-0: Called Strike
0-1: Called Strike
0-2: Ground out 4-3 (Groundball, 34)
Batting: RHB Stephen Shaw 0-0: Ball
1-0: Called Strike
1-1: Foul Ball, location: 2F
1-2: Foul Ball, location: 2F
1-2: Foul Ball, location: 2F
1-2: Ball
2-2: Foul Ball, location: 2F
2-2: Ground out 6-3 (Groundball, 6)
Top of the 5th over - 1 run(s), 1 hit(s), 0 error(s), 0 left on base; New Orleans 1 - Birmingham 2
BOTTOM OF THE 5TH
Birmingham Steeldogs batting - Pitching for New Orleans Looters : RHP Edward Baker
Batting: LHB José Martínez 0-0: Called Strike
0-1: Swinging Strike
0-2: Ball
1-2: Strikes out looking
Batting: RHB Nick Webb 0-0: Ground out 6-3 (Groundball, 6)
Batting: LHB José Sánchez 0-0: Fly out, F2 (Popup, 2RF)
Bottom of the 5th over - 0 run(s), 0 hit(s), 0 error(s), 0 left on base; New Orleans 1 - Birmingham 2
TOP OF THE 6TH
New Orleans Looters batting - Pitching for Birmingham Steeldogs : RHP Manuel Romero
Batting: LHB Taylor Smith 0-0: Called Strike
0-1: Ball
1-1: Ball
2-1: Foul Ball, location: 2F
2-2: Ball
3-2: Base on Balls
Pitching: RHP Michel Dallaire
Batting: LHB Luis Sánchez 0-0: Ball
1-0: Ball
2-0: Called Strike
2-1: Foul Ball, location: 2F
2-2: Fly out, F4 (Line Drive, 4)
Batting: LHB José Esparza 0-0: Foul Ball, location: 2F
0-1: Swinging Strike
0-2: Foul Ball, location: 2F
0-2: Strikes out looking
Batting: SHB Nate Rhodes 0-0: Ball
1-0: Called Strike
1-1: Fielders Choice at 2nd, U6 (Groundball, 6M)
Top of the 6th over - 0 run(s), 0 hit(s), 0 error(s), 1 left on base; New Orleans 1 - Birmingham 2
BOTTOM OF THE 6TH
Birmingham Steeldogs batting - Pitching for New Orleans Looters : RHP Edward Baker
Batting: LHB Chris Miller 0-0: Called Strike
0-1: Ball
1-1: Swinging Strike
1-2: Ball
2-2: Strikes out looking
Batting: LHB Arturo Molina 0-0: Ball
1-0: Ground out U3 (Groundball, 3S)
Batting: RHB Eric Johnson 0-0: Ball
1-0: Called Strike
1-1: Ball
2-1: Swinging Strike
2-2: Strikes out swinging
Bottom of the 6th over - 0 run(s), 0 hit(s), 0 error(s), 0 left on base; New Orleans 1 - Birmingham 2
TOP OF THE 7TH
New Orleans Looters batting - Pitching for Birmingham Steeldogs : RHP Michel Dallaire
Batting: LHB Justino Salas 0-0: Ball
1-0: Ball
2-0: Foul Ball, location: 2F
2-1: Ball
3-1: Swinging Strike
3-2: Foul Ball, location: 2F
3-2: Foul Ball, location: 2F
3-2: Strikes out swinging
Batting: RHB Dave O'Loan 0-0: Ball
1-0: Fly out, F8 (Line Drive, 8LM)
Batting: RHB Ángel Castaneda 0-0: Ball
1-0: Called Strike
1-1: Called Strike
1-2: Ball
2-2: Strikes out looking
Top of the 7th over - 0 run(s), 0 hit(s), 0 error(s), 0 left on base; New Orleans 1 - Birmingham 2
BOTTOM OF THE 7TH
Birmingham Steeldogs batting - Pitching for New Orleans Looters : RHP Edward Baker
Batting: LHB Mitchell Oglethorpe 0-0: Foul Ball, location: 2F
0-1: Called Strike
0-2: SOLO HOME RUN (Flyball, 8LXD), Distance : 430 ft
Batting: RHB Raúl Soto 0-0: Ball
1-0: Swinging Strike
1-1: Swinging Strike
1-2: Strikes out swinging
Batting: RHB Lorenzo Martínez 0-0: Ball
1-0: Called Strike
1-1: SINGLE (Groundball, 6MD)
Batting: LHB José Martínez 0-0: Swinging Strike
0-1: Called Strike
0-2: Ball
1-2: Foul Ball, location: 2F
1-2: Reached on error, E5 (Groundball, 5)
Lorenzo Martínez to second
Pinch Hitting: LHB Ben Kelley 0-0: Called Strike
0-1: Ball
1-1: Foul Ball, location: 2F
1-2: Ball
2-2: Strikes out swinging
Batting: LHB José Sánchez 0-0: Fly out, F9 (Line Drive, 89M)
Bottom of the 7th over - 1 run(s), 2 hit(s), 1 error(s), 2 left on base; New Orleans 1 - Birmingham 3
TOP OF THE 8TH
New Orleans Looters batting - Pitching for Birmingham Steeldogs : RHP Michel Dallaire
Pitching: RHP José Ruíz
Now at SS: Jean-Paul St-Pierre
Batting: RHB José Mora 0-0: Foul Ball, location: 2F
0-1: Ball
1-1: SOLO HOME RUN (Flyball, 7D), Distance : 370 ft
Batting: RHB Stephen Shaw 0-0: Ball
1-0: SINGLE (Groundball, 15S) (infield hit)
Batting: LHB Taylor Smith 0-0: Called Strike
0-1: Fielders Choice at 2nd, 3-6 (Groundball, 3)
Pinch Runner at 1st Francisco Vega:
Batting: LHB Luis Sánchez 0-0: Ball
Passed Ball!
Francisco Vega to second
1-0: Called Strike
1-1: Foul Ball, location: 2F
1-2: Ball
2-2: Ball
3-2: Ground out 4-3 (Groundball, 4)
Francisco Vega to third
Batting: LHB José Esparza 0-0: Called Strike
0-1: Foul Ball, location: 2F
0-2: Ground out 4-3 (Groundball, 4M)
Top of the 8th over - 1 run(s), 2 hit(s), 0 error(s), 1 left on base; New Orleans 2 - Birmingham 3
BOTTOM OF THE 8TH
Birmingham Steeldogs batting - Pitching for New Orleans Looters : RHP Edward Baker
Pitching: LHP Juan Fuentes
Now in RF: Francisco Vega
Batting: LHB Chris Miller 0-0: Ground out U3 (Groundball, 3)
Batting: LHB Arturo Molina 0-0: Swinging Strike
0-1: Ball
1-1: Swinging Strike
1-2: Strikes out looking
Batting: RHB Eric Johnson 0-0: Ball
1-0: Fly out, F9 (Flyball, 89S)
Bottom of the 8th over - 0 run(s), 0 hit(s), 0 error(s), 0 left on base; New Orleans 2 - Birmingham 3
TOP OF THE 9TH
New Orleans Looters batting - Pitching for Birmingham Steeldogs : RHP José Ruíz
Pitching: RHP David Simpson
Now at 1B: Júlio Pacheco
Batting: SHB Nate Rhodes 0-0: Ball
1-0: Swinging Strike
1-1: Ball
2-1: Called Strike
2-2: Strikes out swinging
Batting: LHB Justino Salas 0-0: Called Strike
0-1: Ball
1-1: Ground out 3-1 (Groundball, 34S)
Batting: RHB Dave O'Loan 0-0: Called Strike
0-1: Foul Ball, location: 2F
0-2: Ball
1-2: Strikes out swinging
Top of the 9th over - 0 run(s), 0 hit(s), 0 error(s), 0 left on base; New Orleans 2 - Birmingham 3
Monday, December 5th, 2016 - OOTP Baseball 17.12 Build 75